 Dungeon Crawl Stone Soup version 0.30.0-5-g1a98f26d00 (webtiles) character file.

Game seed: 12308859266704933475

26 Majang the Trooper (level 2, -6/24 HPs)
             Began as a Demonspawn Fighter on May 9, 2023.
             Mangled by an ogre
             ... wielding a +0 giant spiked club
              (20 damage)
             ... on level 2 of the Dungeon.
             The game lasted 00:02:36 (853 turns).

Majang the Trooper (Demonspawn Fighter)              Turns: 853, Time: 00:02:37

Health: -6/24      AC:  8    Str: 16    XL:     2   Next: 89%
Magic:  2/2        EV:  6    Int:  9    God:
Gold:   75         SH:  4    Dex: 12    Spells: 1/1 levels left

rFire   . . .        a - +0 war axe
rCold   . . .        c - +0 buckler
rNeg    + . .        h - +0 chain mail
rPois   .            (no helmet)
rElec   .            (no cloak)
rCorr   .            (no gloves)
SInv    .            (no boots)
Will    .....        i - amulet of regeneration Stlth
                     m - ring of positive energy
HPRegen 1.04/turn    (no ring)
MPRegen 0.08/turn

%: no passive effects
@: mighty
A: weakness stinger 1
a: no special abilities


You were on level 2 of the Dungeon.
You visited 1 branch of the dungeon, and saw 2 of its levels.

You collected 75 gold pieces.

Inventory:

Hand Weapons
 a - a +0 war axe (weapon)
Armour
 b - a +0 scale mail
 c - a +0 buckler (worn)
 h - a +0 chain mail (worn)
Jewellery
 i - an amulet of regeneration (around neck)
 m - a ring of positive energy (left hand)
Scrolls
 f - a scroll of teleportation {unknown}
 j - a scroll of enchant weapon {unknown}
Potions
 e - a potion of curing {unknown}
 g - a potion of flight {unknown}
 k - 2 potions of brilliance {unknown}
 l - a potion of heal wounds {unknown}


   Skills:
 + Level 3.4 Fighting
 * Level 2.7 Axes
 - Level 2.6 Armour
 - Level 2.6 Shields


You had one spell level left.
You didn't know any spells.
Your spell library contained the following spells:

 Spells                   Type           Power      Damage    Failure   Level
 Magic Dart               Conj           0%         1d3       100%        1
 Call Imp                 Summ           0%         N/A       100%        2
 Ensorcelled Hibernation  Hex/Ice        0%         N/A       100%        2
 Passwall                 Tmut/Erth      0%         N/A       100%        2
 Mephitic Cloud           Conj/Pois/Air  0%         N/A       100%        3
 Swiftness                Air            0%         N/A       100%        3


Dungeon Overview and Level Annotations

Branches:
Dungeon (2/15)

Altars:


Innate Abilities, Weirdness & Mutations

You have a small tail.


Message History

You slash the rat!
You kill the rat!
You closely miss the goblin. The goblin hits you but does no damage.
The goblin barely misses you.
You closely miss the goblin. The goblin barely misses you.
The goblin hits you with a +0 club.
You hit the goblin.
You kill the goblin!
Things that are here:
a +0 club; a goblin corpse
k - 2 red potions
Found a stone staircase leading down.
You pick up a book of Burglary and begin reading...
You add the spells Passwall, Ensorcelled Hibernation and Swiftness to your library.
l - a green potion A bat comes into view.
Found a leather armour.
The bat hits you but does no damage.
A bat is nearby!
You completely miss the bat. The bat hits you but does no damage.
The bat closely misses you.
You slash the bat!
You kill the bat!
Found 12 gold pieces.
m - a ring of positive energy
m - a ring of positive energy (left hand)
You now have 75 gold pieces (gained 12).
An ogre comes into view. It is wielding a +0 giant spiked club.
The ogre shouts!
You feel very mighty all of a sudden.
You aren't carrying any items that you can evoke.
You closely miss the ogre. The ogre closely misses you.
You slash the ogre!
The ogre is heavily wounded.
The ogre hits you with a +0 giant spiked club!
Ouch! That really hurt!
You slash the ogre!
The ogre is almost dead.
The ogre hits you with a +0 giant spiked club!!
Ouch! That really hurt!
You die...

###+#.# #.....#
#+######.....#
.......#.....#
.......#.....#
.......#.....##
.......#......#
......O#......##
.......@.#+##..###
.........#
##...######.
#####....#
#.......... #.....
#.###.#.###
######.. #.# #.#.#
..##.# #.#.# ....#
#.#.# #.#..###.#.#
##.#..#.....#


You could see an ogre.

Vanquished Creatures
  A dart slug (D:2)
  2 ball pythons (D:1)
  2 endoplasms (D:1)
  3 goblins
  3 hobgoblins (D:1)
  4 bats
  A frilled lizard (D:1)
  A kobold (D:1)
  7 rats
24 creatures vanquished.

Notes
Turn   | Place    | Note
-------+----------+-------------------------------------------
     0 | D:1      | Majang the Demonspawn Fighter began the quest for the Orb.
     0 | D:1      | Reached XP level 1. HP: 18/18 MP: 1/1
   297 | D:1      | Gained mutation: You have a small tail. [demonic ancestry]
   297 | D:1      | Reached XP level 2. HP: 18/24 MP: 2/2
   848 | D:2      | Noticed an ogre
   853 | D:2      | Mangled by an ogre

Illustrated notes

Levels and vault maps discovered:
D:1:      dpeg_arrival_ratfight, layout_loops_ring
D:2:      wad_lake_hut, layout_basic, minmay_randomly_rotated_circles

Skill      XL: |  1 |
---------------+----+-----
Axes           | 2 |  2.7
Fighting       | |  3.4
Armour         | |  2.6
Shields        | |  2.6

Action                     || total
---------------------------++-------
  Melee: War axe           ||    76
         Tailslap          ||     7
    Use: Potion            ||     1
 Armour: Chain mail        ||    34
         Scale mail        ||     4
  Dodge: Dodged            ||    30
  Block: Buckler           ||    19
